 Dungeon Crawl Stone Soup version 0.21-a0-151-ga4fe563 (webtiles) character file.

387259 tsouns the Warrior (level 23, -5/258 HPs)
             Began as an Octopode Fighter on July 28, 2017.
             Was the Champion of Makhleb.
             Killed from afar by a golden dragon (19 damage)
             ... with a bolt of cold
             ... on level 4 of the Depths on July 30, 2017.
             The game lasted 03:22:55 (43501 turns).

tsouns the Warrior (Octopode Fighter)              Turns: 43501, Time: 03:22:57

Health: -5/258     AC: 42    Str: 18    XL:     23   Next: 2%
Magic:  0/55       EV:  2    Int: 22    God:    Makhleb [******]
Gold:   3352       SH: 12    Dex: 22    Spells: 3/43 levels left

rFire    + . .     SeeInvis +   c - +9 demon trident (chaos)
rCold    + . .     Gourm    .   E - +3 buckler {AC+3}
rNeg     + + +     Faith    .   (helmet currently unavailable)
rPois    +         Spirit   +   T - amulet of guardian spirit
rElec    .         Reflect  .   f - ring of protection from fire
rCorr    +         Harm     .   g - ring of protection from magic
MR       ++...     NoTele   +   k - ring of magical power
Stlth    ++++++....             w - ring of Caniboakh {MP+9 Int+6}
HPRegen  0.53/turn              K - ring of see invisible
MPRegen  0.34/turn              X - ring of Elyvilon's Supremacy {rCorr *Contam rPois rN+++ Dex+4}
                                J - +3 ring of evasion
                                Q - ring of protection from cold

@: agile, icy armour, tree-form, hasted, studying Shields, very quick
A: almost no armour, stealthy swim, (amphibious), 8 rings, (constrict 8)
}: 2/15 runes: decaying, gossamer
a: Minor Destruction, Lesser Servant of Makhleb, Major Destruction, Greater
Servant of Makhleb, Renounce Religion


You were on level 4 of the Depths.
You worshipped Makhleb.
Makhleb was exalted by your worship.
You were not hungry.
You were a tree.
You visited 8 branches of the dungeon, and saw 41 of its levels.
You visited 1 bazaar.
You also visited: Labyrinth.

You collected 7054 gold pieces.
You spent 3702 gold pieces at shops.

Inventory:

Hand Weapons
 c - a +9 demon trident of chaos (weapon)
Missiles
 b - 3 throwing nets (quivered)
Armour
 E - a +3 buckler of protection (worn)
Jewellery
 f - a ring of protection from fire (left branch)
 g - a ring of protection from magic (right branch)
 k - a ring of magical power (on tentacle)
 w - the ring of Caniboakh (on tentacle) {MP+9 Int+6}
   (You found it on level 4 of the Swamp)

   [ring of magical power]

   It affects your intelligence (+6).
   It affects your magic capacity (+9).
 J - a +3 ring of evasion (on tentacle)
 K - a ring of see invisible (on tentacle)
 Q - a ring of protection from cold (on tentacle)
 T - an amulet of guardian spirit (around neck)
 X - the ring of Elyvilon's Supremacy (on tentacle) {rCorr *Contam rPois rN+++ Dex+4}
   (You found it on level 5 of the Lair of Beasts)

   [ring of resist corrosion]

   It affects your dexterity (+4).
   It protects you from poison.
   It renders you almost immune to negative energy.
   It causes magical contamination when unequipped.
Wands
 l - a wand of acid (8/15)
 s - a wand of iceblast (7/15)
 N - a wand of confusion (18/48)
 O - a wand of enslavement (8/24)
 R - a wand of paralysis (16/24)
 V - a wand of digging (7/24)
Scrolls
 e - 13 scrolls of identify
 n - 5 scrolls of fog
 q - a scroll of blinking
 v - a scroll of magic mapping
 x - 2 scrolls of teleportation
 y - 20 scrolls of remove curse
 A - a scroll of summoning
 C - a scroll of silence
 H - 3 scrolls of recharging
 I - a scroll of enchant weapon
 L - 6 scrolls of fear
 S - 2 scrolls of holy word
Potions
 a - 6 potions of flight
 i - 4 potions of cancellation
 m - 10 potions of curing
 p - 3 potions of agility
 t - 6 potions of lignification
 u - 5 potions of ambrosia
 z - 3 potions of brilliance
 B - 2 potions of invisibility
 F - a potion of resistance
 G - 4 potions of heal wounds
 M - 7 potions of haste
 P - 4 potions of mutation
Books
 U - a manual of Shields
Miscellaneous
 j - a phial of floods
 o - 6 phantom mirrors
 Z - a lamp of fire (inert)
Comestibles
 d - 26 bread rations
 h - 3 chunks of flesh
 r - 31 meat rations
 D - a royal jelly


   Skills:
 - Level 18.4 Fighting
 - Level 15.1 Polearms
 - Level 16.8 Dodging
 - Level 10.4 Stealth
 + Level 14.0 Shields
 + Level 10.9 Spellcasting
 - Level 7.3 Conjurations
 - Level 4.7 Hexes
 - Level 6.3 Charms
 - Level 1.3 Necromancy
 - Level 4.1 Translocations
 + Level 5.6 Transmutations
 - Level 7.0 Ice Magic
 + Level 5.5 Earth Magic
 - Level 15.1 Invocations
 - Level 8.4 Evocations


You had 3 spell levels left.
You knew the following spells:

 Your Spells              Type           Power        Failure   Level  Hunger
a - Animate Skeleton      Necr           N/A          3%          1    None
b - Apportation           Tloc           ####..       1%          1    None
c - Confuse               Hex            ####....     2%          3    None
d - Tukima's Dance        Hex            ####....     2%          3    None
e - Ozocubu's Armour      Chrm/Ice       #####...     1%          3    None
f - Conjure Flame         Conj/Fire      ####....     3%          3    None
g - Sticky Flame          Conj/Fire      ####....     12%         4    #......
h - Blink                 Tloc           N/A          1%          2    None
i - Orb of Destruction    Conj           #####.....   92%         7    #######
j - Spellforged Servitor  Conj/Summ      ####......   100%        7    #######
k - Statue Form           Tmut/Erth      #####....    63%         6    ######.


Dungeon Overview and Level Annotations

Branches:
Dungeon (15/15)            Temple (0/1) D:5            Lair (6/6) D:11
  Swamp (4/4) Lair:4       Spider (4/4) Lair:2        Slime (0/5) Lair:5
    Orc (2/2) D:12            Elf (2/3) Orc:2        Vaults (4/5) D:14
  Crypt (0/3) Vaults:3     Depths (4/5) D:15

Altars:
Dithmenos
Kikubaaqudgha
Makhleb
Okawaru
Xom
Yredelemnul
Zin
The Shining One
Lugonu

Shops:
D:5 %   D:14 !   Orc:2 *:%%   Elf:1 (   Vaults:3 *   Depths:1 %   Depths:2 (
Depths:4 *

Portals:
Hell: Depths:1 Depths:2 Depths:3 Depths:4
Abyss: Depths:1 Depths:2 Depths:3 Depths:4
Pandemonium: Depths:3 Depths:4
Ziggurat: Depths:4

Annotations:
D:5 wazuzu's ghost, novice CeHu
D:9 exclusions: obsidian statue and orange crystal statue
Swamp:3 exclusion: Roxanne, Roxanne
Elf:2 3 runed doors
Vaults:4 Duffy's ghost, veteran NaMo


Innate Abilities, Weirdness & Mutations

You cannot wear most types of armour.
You are very stealthy in the water. (Stealth+)
((You are amphibious.))
You can wear up to eight rings at the same time.
((You can use your tentacles to constrict eight enemies at once.))
((Your skin changes colour to match your surroundings (Stealth+).))
((Your rubbery body absorbs attacks. (AC +1, EV +1)))


Message History

The juggernaut is engulfed in poison gas.
The juggernaut looks as sick as possible!
You block the juggernaut's attack.
The juggernaut hits you but does no damage.
You hit the juggernaut but do no damage.
The juggernaut is moving more slowly.
The juggernaut is severely wounded.
The golden dragon bites you!
* * * LOW HITPOINT WARNING * * *
You block the golden dragon's attack. x2
You hit the juggernaut but do no damage.
You drain the juggernaut!
The juggernaut is severely wounded.
You strike the helpless juggernaut from behind!
You hit the juggernaut but do no damage.
Lightning courses through the juggernaut!
The juggernaut is severely wounded.
The golden dragon breathes cold at you. The bolt of cold hits you! You resist.
You die...

#..........#.########....
#..........#.............
##..........#........%....
########...........##########....
..#....#.########### #.........
#.#.#..............# ##........
#.#.#......[.......# #........
#...##.............# #........
######.........C♣..# ##........
#.....)...D§§.# #........#
#..........########.####....
#..........#................
##...######.........##'##...
#...## ##..........##.##...
#....###....##.....#...#...
####..#....####....#...#...
##C....## ##...#...#...


You could see a juggernaut (berserk) and a golden dragon.

Vanquished Creatures
  Boris (twice) (Vaults:2 Depths:3)
  Saint Roka (Vaults:4)
  Nikola (Swamp:1)
  Jorgrun (Spider:2)
  A lich (Depths:2)
  A sphinx (Vaults:1)
  A thorn hunter (Swamp:4)
  Agnes (Spider:1)
  Kirke (Lair:6)
  2 shadow dragons (Vaults:3)
  6 fire giants
  A tengu reaver (Depths:3)
  A fire giant (shapeshifter) (Depths:1)
  3 frost giants
  A ghost moth (Spider:4)
  2 iron dragons
  9 vault wardens
  7 emperor scorpions
  Louise (Spider:1)
  3 deep elf sorcerers
  Aizul (Spider:1)
  2 spriggan defenders
  12 ironheart preservers
  2 entropy weavers
  5 very ugly things
  3 vampire knights
  12 stone giants
  A deep elf demonologist (Elf:1)
  A green draconian (Swamp:4)
  Azrael (Spider:1)
  A deep elf annihilator (Elf:1)
  A dire elephant (Lair:6)
  5 spark wasps
  8 ettins
  A merfolk javelineer (Depths:1)
  A green death (Depths:3)
  3 fire dragons
  A deep elf high priest (Depths:4)
  A minotaur (Lab)
  8 ogre magi
  3 deep elf death magi
  19 vault guards
  8 great orbs of eyes
  12 yaktaur captains
  6 rakshasas
  12 hydras
  Harold (Orc:1)
  2 spriggan air magi
  A hell beast (Depths:1)
  4 ghost crabs
  26 two-headed ogres
  10 centaur warriors
  3 ice dragons
  2 death knights
  5 alligators
  11 deep troll earth magi
  4 dancing weapons
  2 tengu warriors (Depths:3)
  4 deep troll shamans
  A spriggan berserker (Depths:2)
  A vampire mage (Depths:1)
  3 orc high priests (Orc:2)
  Urug (D:13)
  23 deep elf knights
  9 skeletal warriors
  A sixfirhy (Depths:3)
  A fire crab (shapeshifter) (Vaults:1)
  An iron troll (Depths:1)
  2 shadow wraiths (Vaults:3)
  2 flayed ghosts
  7 spriggan druids
  18 deep trolls
  6 wizards
  3 glowing orange brains
  A torturous demonspawn (Depths:3)
  3 unseen horrors
  10 swamp dragons
  20 deep elf archers
  3 shambling mangroves
  4 phantasmal warriors
  9 orc knights
  2 necromancers (Vaults:1)
  11 ironbrand convokers
  34 ugly things
  A wolf spider zombie (D:15)
  2 lindwurms (Swamp:4)
  6 orc sorcerers
  60 deep elf magi
  A shining eye (shapeshifter) (Depths:1)
  15 orb spiders
  A stone giant skeleton (Vaults:1)
  30 wolf spiders
  2 moths of wrath
  2 manticores
  6 cyclopes
  4 black mambas
  8 elephants
  A centaur zombie (D:14)
  A spiny frog (shapeshifter) (Vaults:3)
  A water nymph (Depths:2)
  A water nymph (shapeshifter) (Depths:3)
  4 torpor snails
  12 vault sentinels
  A gargoyle (D:13)
  A guardian serpent (Depths:2)
  3 centaur skeletons
  13 spiny frogs
  2 efreet (D:12)
  6 demonic crawlers
  A komodo dragon (shapeshifter) (Vaults:1)
  26 yaktaurs
  4 freezing wraiths
  A yaktaur (shapeshifter) (Depths:2)
  8 komodo dragons
  A rime drake (Lair:4)
  A spark wasp simulacrum (Depths:1)
  2 yaktaur skeletons (Vaults:1)
  22 jumping spiders
  4 trolls
  A red devil (Depths:3)
  9 polar bears (Lair:6)
  A queen bee (D:8)
  A troll (shapeshifter) (Vaults:3)
  A tyrant leech (Swamp:1)
  A raiju (shapeshifter) (Vaults:2)
  17 slime creatures
  14 blink frogs
  A fire giant simulacrum (Vaults:1)
  12 dream sheep
  A hippogriff (shapeshifter) (D:15)
  5 bog bodies
  2 raiju (Lair:6)
  12 hornets
  7 hippogriffs
  5 large abominations (Elf:1)
  80 redbacks
  2 shadows (Swamp:2)
  4 air elementals
  10 water elementals
  2 redbacks (shapeshifter)
  22 tarantellas
  22 spriggans
  4 wraiths
  9 wyverns
  A hog (shapeshifter) (Vaults:3)
  2 hungry ghosts (D:14)
  A basilisk (Lair:4)
  52 yaks
  4 fire elementals (Spider:1)
  25 vampire mosquitoes
  A neqoxec (Depths:3)
  A golden eye (shapeshifter) (Depths:2)
  4 insubstantial wisps (Swamp:1)
  14 swamp worms
  A steam dragon (D:13)
  3 acid dragons
  19 hell hounds
  10 wargs
  11 water moccasins
  2 floating eyes
  3 porcupines
  33 orc warriors
  4 ice beasts
  4 eyes of draining (shapeshifter)
  5 sky beasts
  14 black bears
  9 swamp drakes
  22 ogres
  14 wolves (Lair:6)
  7 phantoms
  12 boggarts
  3 necrophages
  16 centaurs
  10 crocodiles
  6 big kobolds
  15 bullfrogs
  4 earth elementals
  7 small abominations (Elf:1)
  4 scorpions
  A water moccasin skeleton (D:7)
  15 killer bees
  3 howler monkeys
  16 wights
  2 electric eels (D:13)
  6 crimson imps
  2 bullfrog zombies
  3 jellies
  24 orc priests
  A gnoll shaman (D:4)
  9 hounds
  32 orc wizards
  2 bullfrog skeletons
  Terence (D:2)
  6 iguanas
  8 worker ants
  2 hound zombies
  A worker ant zombie (D:5)
  A hound skeleton (D:4)
  2 howler monkey zombies
  3 gnolls (D:4)
  7 adders
  3 shadow imps
  An ooze (D:4)
  An adder zombie (D:5)
  2 adder skeletons
  3 dart slugs
  6 leopard geckos
  83 orcs
  4 bats
  4 giant cockroaches
  2 goblins (D:1)
  10 hobgoblins
  17 jackals
  A quokka (D:2)
  2 ball pythons
  6 frilled lizards
  31 kobolds
  A leopard gecko skeleton (D:4)
  A quokka skeleton (D:8)
  8 rats
  6 plants
1608 creatures vanquished.

Vanquished Creatures (collateral kills)
  An ancient champion (Depths:1)
  A sphinx (Vaults:3)
  A tengu reaver (Vaults:3)
  A fire giant (Vaults:3)
  2 frost giants
  A vault warden (Vaults:3)
  2 stone giants (Vaults:3)
  A green draconian (Swamp:4)
  An ettin (Depths:3)
  8 hydras
  2 ice dragons
  2 yaktaur captains
  3 alligators
  2 two-headed ogres
  A deep troll earth mage (Depths:3)
  2 deep troll shamans (Vaults:3)
  A sun demon (Depths:1)
  A spriggan berserker (Depths:3)
  A deep elf knight (Vaults:1)
  3 skeletal warriors
  A flayed ghost (Vaults:3)
  7 swamp dragons
  A wizard (Depths:4)
  A shambling mangrove (Swamp:4)
  2 deep trolls
  A phantasmal warrior (Vaults:3)
  2 ironbrand convokers
  A lindwurm (Swamp:4)
  2 orc knights (Orc:2)
  A deep elf mage (Vaults:1)
  2 orc sorcerers (Orc:2)
  An ugly thing (Depths:1)
  A black mamba (Lair:5)
  A vault sentinel (Vaults:3)
  3 spiny frogs
  2 rime drakes (Lair:6)
  An efreet (Vaults:1)
  A komodo dragon (Lair:6)
  6 yaktaurs
  A freezing wraith (Vaults:3)
  2 trolls
  2 polar bears (Lair:6)
  A yaktaur (shapeshifter) (Vaults:3)
  4 hornets
  A tyrant leech (Swamp:4)
  A slime creature (Depths:1)
  2 blink frogs (Lair:2)
  A redback (Spider:1)
  4 spriggans
  A water elemental (Depths:1)
  A tarantella (Spider:1)
  A steam dragon (Lair:6)
  A yak (Lair:1)
  6 insubstantial wisps
  A swamp worm (Swamp:3)
  A warg (Lair:6)
  An acid dragon (Lair:6)
  3 swamp drakes
  5 orc warriors
  A black bear (Lair:6)
  An ogre (Vaults:4)
  A crocodile (Lair:6)
  A bullfrog (Lair:2)
  An orc wizard (Orc:2)
  4 orcs
  2 fungi
  6 plants
131 creatures vanquished.

Vanquished Creatures (others)
  A tengu reaver (Vaults:3)
  A stone giant (Vaults:2)
  A spark wasp (Depths:2)
  A merfolk impaler (Depths:1)
  A two-headed ogre (Vaults:1)
  A deep troll earth mage (Vaults:1)
  A water nymph (shapeshifter) (Depths:3)
  A jumping spider (Spider:2)
  A redback (Spider:2)
  2 water elementals (Depths:1)
  A human (Lair:6)
  A vampire mosquito (D:12)
  2 dancing weapons (D:14)
  A boggart (Depths:3)
  A sky beast (D:11)
  A wight (D:12)
  A kobold (D:11)
  3 fungi
  18 plants
40 creatures vanquished.

Grand Total: 1779 creatures vanquished

Notes
Turn   | Place    | Note
-------+----------+-------------------------------------------
     0 | D:1      | tsouns the Octopode Fighter began the quest for the Orb.
     0 | D:1      | Reached XP level 1. HP: 16/16 MP: 1/1
   147 | D:1      | Reached XP level 2. HP: 15/21 MP: 2/2
   734 | D:2      | Reached XP level 3. HP: 26/26 MP: 3/3
   829 | D:2      | Noticed Terence
  1037 | D:2      | Reached skill level 4 in Fighting
  1045 | D:2      | Killed Terence
  1045 | D:2      | Reached XP level 4. HP: 27/33 MP: 4/4
  1797 | D:3      | Found a shimmering altar of Xom.
  1798 | D:3      | Found a glowing silver altar of Zin.
  1800 | D:3      | Found a shadowy altar of Dithmenos.
  1865 | D:4      | Reached XP level 5. HP: 27/38 MP: 5/5
  2135 | D:4      | Reached XP level 6. HP: 44/44 MP: 6/6
  2362 | D:4      | Reached skill level 5 in Polearms
  2458 | D:4      | Found a burning altar of Makhleb.
  2468 | D:4      | Became a worshipper of Makhleb the Destroyer
  2750 | D:4      | Reached XP level 7. HP: 24/49 MP: 7/7
  3178 | D:5      | Entered Level 5 of the Dungeon
  3178 | D:5      | Found a staircase to the Ecumenical Temple.
  3252 | D:5      | Noticed wazuzu's ghost (novice CeHu)
  3561 | D:5      | Found Xuqyaku's Food Shop.
  3849 | D:6      | Reached * piety under Makhleb
  3849 | D:6      | Reached XP level 8. HP: 34/54 MP: 8/8
  3910 | D:6      | Reached skill level 5 in Dodging
  4047 | D:6      | Reached skill level 5 in Shields
  4675 | D:6      | Learned a level 1 spell: Animate Skeleton
  4677 | D:6      | Learned a level 1 spell: Apportation
  4681 | D:6      | Learned a level 3 spell: Confuse
  4877 | D:6      | Reached skill level 5 in Fighting
  5415 | D:7      | Identified a scroll of acquirement
  5462 | D:7      | Reached XP level 9. HP: 36/61 MP: 9/9
  5463 | D:7      | Reached ** piety under Makhleb
  5743 | D:7      | Reached skill level 1 in Invocations
  6231 | D:8      | Noticed a two-headed ogre
  6375 | D:8      | Found a glowing golden altar of the Shining One.
  6444 | D:8      | Reached skill level 6 in Fighting
  6587 | D:8      | Reached XP level 10. HP: 43/68 MP: 13/13
  6771 | D:8      | Killed a two-headed ogre
  6771 | D:8      | Reached *** piety under Makhleb
  6771 | D:8      | Reached skill level 10 in Polearms
  6974 | D:8      | Reached skill level 7 in Fighting
  7540 | D:8      | Noticed a deep elf mage
  7543 | D:8      | Killed a deep elf mage
  7686 | D:9      | Reached **** piety under Makhleb
  7686 | D:9      | Reached XP level 11. HP: 74/75 MP: 14/14
  7968 | D:9      | Found an iron altar of Okawaru.
  7996 | D:9      | Noticed an obsidian statue
  8078 | D:9      | Noticed an orange crystal statue
  8285 | D:10     | Entered Level 10 of the Dungeon
  8477 | D:10     | Learned a level 3 spell: Tukima's Dance
  8477 | D:10     | Noticed a two-headed ogre
  8487 | D:10     | Killed a two-headed ogre
  8994 | D:11     | Reached skill level 8 in Fighting
  9024 | D:11     | Reached ***** piety under Makhleb
  9218 | D:11     | Noticed a deep elf mage
  9522 | D:11     | Killed a deep elf mage
  9522 | D:11     | Reached skill level 1 in Spellcasting
  9655 | D:11     | Found a staircase to the Lair.
  9829 | D:11     | Reached skill level 1 in Hexes
  9972 | D:11     | Noticed a manticore
  9976 | D:11     | Noticed a two-headed ogre
  9992 | D:11     | Killed a manticore
  9996 | D:11     | Killed a two-headed ogre
  9997 | D:11     | Reached XP level 12. HP: 38/84 MP: 15/15
 10347 | Lair:1   | Entered Level 1 of the Lair of Beasts
 10606 | Lair:1   | Reached skill level 1 in Necromancy
 10606 | Lair:1   | Reached skill level 1 in Translocations
 10606 | Lair:1   | Reached skill level 5 in Invocations
 11080 | Lair:1   | Reached skill level 9 in Fighting
 11639 | Lair:2   | Reached ****** piety under Makhleb
 11752 | Lair:2   | Noticed a five-headed hydra
 11760 | Lair:2   | Killed a five-headed hydra
 11814 | Lair:2   | Found a hole to the Spider Nest.
 12031 | Lair:2   | Reached skill level 1 in Stealth
 12092 | Lair:3   | Reached skill level 1 in Evocations
 12268 | Lair:3   | Noticed a four-headed hydra
 12278 | Lair:3   | Killed a four-headed hydra
 12319 | Lair:3   | Reached XP level 13. HP: 90/90 MP: 17/17
 13211 | Lair:4   | Learned a level 3 spell: Ozocubu's Armour
 13240 | Lair:4   | Reached skill level 1 in Ice Magic
 13386 | Lair:4   | Reached skill level 1 in Charms
 13422 | Lair:4   | Found a staircase to the Swamp.
 13893 | Lair:5   | Found a staircase to the Slime Pits.
 13995 | Lair:5   | Got a glittering wooden ring
 13997 | Lair:5   | Identified the ring of Elyvilon's Supremacy {rCorr *Contam rPois rN+++ Dex+4} (You found it on level 5 of the Lair of Beasts)
 14451 | Lair:6   | Entered Level 6 of the Lair of Beasts
 14723 | Lair:6   | Noticed Kirke
 14736 | Lair:6   | Killed Kirke
 14797 | Lair:6   | Reached XP level 14. HP: 90/97 MP: 20/20
 15080 | Lair:6   | Reached skill level 5 in Spellcasting
 15266 | Lair:6   | Noticed a dire elephant
 15280 | Lair:6   | Reached skill level 5 in Ice Magic
 15305 | Lair:6   | Killed a dire elephant
 15305 | Lair:6   | Reached skill level 15 in Polearms
 16387 | D:12     | Found a staircase to the Orcish Mines.
 16534 | D:12     | Got a brightly glowing trident
 16537 | D:12     | Identified the cursed +1 trident of Qeuclur {pierce, rF+ Int+4} (You found it on level 12 of the Dungeon)
 16863 | D:13     | Reached skill level 10 in Dodging
 16985 | D:13     | Reached skill level 5 in Evocations
 17084 | D:13     | Noticed Urug
 17110 | D:13     | Killed Urug
 17211 | D:13     | Reached skill level 10 in Fighting
 17427 | D:14     | Got an ancient buckler
 17438 | D:14     | Identified the cursed +0 buckler of Osanos {rF+ Str-2 Int+5} (You found it on level 14 of the Dungeon)
 17472 | D:14     | Reached XP level 15. HP: 103/103 MP: 23/23
 17563 | D:14     | Found a labyrinth entrance.
 17572 | Lab      | Entered a labyrinth
 17907 | D:14     | Found Golu's Distillery.
 17910 | D:14     | Bought a potion of heal wounds for 65 gold pieces
 17910 | D:14     | Bought a potion of heal wounds for 65 gold pieces
 17910 | D:14     | Bought a potion of heal wounds for 65 gold pieces
 18420 | Orc:1    | Entered Level 1 of the Orcish Mines
 18426 | Orc:1    | Noticed Harold
 18441 | Orc:1    | Killed Harold
 18659 | Orc:1    | Found a burning altar of Makhleb.
 18754 | Orc:2    | Entered Level 2 of the Orcish Mines
 18838 | Orc:2    | Found a staircase to the Elven Halls.
 19824 | Orc:2    | Reached skill level 5 in Charms
 19935 | Orc:2    | Found Intaum's Food Boutique.
 19935 | Orc:2    | Found Hoirph's Food Shoppe.
 19937 | Orc:2    | Found Enocot's Book Boutique.
 19937 | Orc:2    | Found Kulock's Assorted Antiques.
 19946 | Orc:2    | Bought a scroll of teleportation for 111 gold pieces
 20297 | D:15     | Entered Level 15 of the Dungeon
 20784 | D:14     | Learned a level 3 spell: Conjure Flame
 20789 | D:14     | Learned a level 4 spell: Sticky Flame
 20830 | D:14     | Found a gate to the Vaults.
 21377 | D:15     | Reached skill level 11 in Fighting
 21515 | D:15     | Found a staircase to the Depths.
 21686 | D:15     | Reached XP level 16. HP: 112/112 MP: 26/26
 21883 | Swamp:1  | Entered Level 1 of the Swamp
 22029 | Swamp:1  | Reached skill level 5 in Stealth
 22276 | Swamp:1  | Noticed Nikola
 22289 | Swamp:1  | Killed Nikola
 22535 | Swamp:2  | Paralysed by a hornet for 2 turns
 23565 | Swamp:3  | Noticed Roxanne
 23819 | Swamp:4  | Entered Level 4 of the Swamp
 23987 | Swamp:4  | Reached skill level 12 in Fighting
 24195 | Swamp:4  | Got a decaying rune of Zot
 24309 | Swamp:4  | Reached XP level 17. HP: 119/119 MP: 29/29
 24662 | Swamp:4  | Got a translucent jade ring
 24663 | Swamp:4  | Identified the ring of Caniboakh {MP+9 Int+6} (You found it on level 4 of the Swamp)
 24987 | Spider:1 | Entered Level 1 of the Spider Nest
 24987 | Spider:1 | Noticed Azrael
 25002 | Spider:1 | Killed Azrael
 25002 | Spider:1 | Reached skill level 10 in Stealth
 25015 | Spider:1 | Noticed Aizul
 25033 | Spider:1 | Killed Aizul
 25182 | Spider:1 | Noticed Louise
 25188 | Spider:1 | Noticed Agnes
 25206 | Spider:1 | Killed Agnes
 25209 | Spider:1 | Killed Louise
 26043 | Spider:2 | Noticed Jorgrun
 26163 | Spider:2 | Reached skill level 13 in Fighting
 26184 | Spider:2 | Killed Jorgrun
 27104 | Spider:4 | Entered Level 4 of the Spider Nest
 27338 | Spider:4 | Learned a level 2 spell: Blink
 27384 | Spider:4 | Reached XP level 18. HP: 93/130 MP: 30/30
 27800 | Spider:4 | Reached skill level 10 in Shields
 28104 | Spider:4 | Reached skill level 14 in Fighting
 28351 | Spider:4 | Got a gossamer rune of Zot
 28839 | Elf:1    | Entered Level 1 of the Elven Halls
 28954 | Elf:1    | Found Kiov's Antique Weapon Emporium.
 29417 | Elf:1    | Reached skill level 10 in Invocations
 29461 | Elf:1    | You fall through a shaft!
 29632 | Elf:1    | Reached XP level 19. HP: 137/137 MP: 31/31
 30127 | Elf:1    | Noticed an Ice Fiend
 30359 | Elf:2    | Reached skill level 15 in Fighting
 30372 | Elf:2    | Reached skill level 15 in Dodging
 30651 | Elf:2    | Found a runed gate.
 30652 | Elf:2    | Found a runed gate.
 30656 | Elf:2    | Found a runed gate.
 31172 | Vaults:1 | Entered Level 1 of the Vaults
 32024 | Vaults:1 | Reached skill level 16 in Fighting
 32331 | Vaults:1 | Upgraded the game from 0.21-a0-150-gc243083 to 0.21-a0-151-ga4fe563
 32609 | Vaults:1 | Reached XP level 20. HP: 149/149 MP: 32/32
 33473 | Vaults:2 | Noticed Boris
 33842 | Vaults:2 | Killed Boris
 34040 | Vaults:2 | Reached skill level 17 in Fighting
 34940 | Vaults:3 | Found Hais's Assorted Antiques.
 34960 | Vaults:3 | Bought a potion of haste for 250 gold pieces
 34960 | Vaults:3 | Bought a potion of agility for 100 gold pieces
 35297 | Vaults:3 | Found a gateway to a bazaar.
 35335 | Bazaar   | Entered a bazaar
 35335 | Bazaar   | Found Mixim's Gadget Emporium.
 35335 | Bazaar   | Found Onukicut's Gadget Shop.
 35335 | Bazaar   | Found Xotunu's Food Shoppe.
 35337 | Bazaar   | Found Cuun's Magic Scroll Boutique.
 35337 | Bazaar   | Found Tiym's Armour Shoppe.
 35371 | Bazaar   | Bought a phial of floods for 440 gold pieces
 35379 | Bazaar   | Bought a phantom mirror for 480 gold pieces
 35379 | Bazaar   | Bought a phantom mirror for 480 gold pieces
 35379 | Bazaar   | Bought a phantom mirror for 480 gold pieces
 35379 | Bazaar   | Bought a phantom mirror for 480 gold pieces
 35382 | Bazaar   | Bought a scroll of magic mapping for 28 gold pieces
 35382 | Bazaar   | Bought a scroll of enchant armour for 60 gold pieces
 35382 | Bazaar   | Bought a scroll of summoning for 76 gold pieces
 35382 | Bazaar   | Bought a scroll of brand weapon for 160 gold pieces
 35382 | Bazaar   | Bought a scroll of identify for 16 gold pieces
 35382 | Bazaar   | Bought a scroll of identify for 16 gold pieces
 35393 | Bazaar   | Bought a phantom mirror for 330 gold pieces
 35601 | Vaults:3 | Paralysed by a floating eye for 4 turns
 35627 | Vaults:3 | Reached skill level 18 in Fighting
 35627 | Vaults:3 | Reached XP level 21. HP: 140/159 MP: 22/33
 35926 | Vaults:3 | Found a staircase to the Crypt.
 35926 | Vaults:3 | Found an ancient bone altar of Kikubaaqudgha.
 35927 | Vaults:3 | Found a basalt altar of Yredelemnul.
 36785 | Vaults:3 | Learned a level 7 spell: Orb of Destruction
 36793 | Vaults:3 | Learned a level 7 spell: Spellforged Servitor
 37044 | Vaults:4 | Noticed Saint Roka
 37067 | Vaults:4 | Reached skill level 1 in Conjurations
 37098 | Vaults:4 | Killed Saint Roka
 37870 | Vaults:4 | Noticed Duffy's ghost (veteran NaMo)
 38642 | Depths:1 | Entered Level 1 of the Depths
 38700 | Depths:1 | Reached skill level 5 in Conjurations
 39174 | Depths:1 | Found a gateway to Hell.
 39290 | Depths:1 | Found Muunkoku's Food Emporium.
 39379 | Depths:1 | Found a one-way gate to the infinite horrors of the Abyss.
 39384 | Depths:1 | Reached XP level 22. HP: 162/166 MP: 35/35
 40035 | Depths:2 | Reached skill level 10 in Spellcasting
 40035 | Depths:2 | Reached skill level 15 in Invocations
 40202 | Depths:2 | Learned a level 6 spell: Statue Form
 40297 | Depths:2 | Reached skill level 1 in Transmutations
 40329 | Depths:2 | Reached skill level 1 in Earth Magic
 40360 | Depths:2 | Found Eleasal's Weapon Emporium.
 41637 | Depths:3 | Noticed Boris
 41661 | Depths:3 | Killed Boris
 41864 | Depths:3 | Found a one-way gate leading to the halls of Pandemonium.
 42465 | Depths:3 | Found a corrupted altar of Lugonu.
 42546 | Depths:4 | Reached skill level 5 in Transmutations
 42561 | Depths:4 | Found a gateway to a ziggurat.
 42596 | Depths:4 | Found Soma Ops's Pet Rocks.
 42605 | Depths:4 | Reached skill level 5 in Earth Magic
 43181 | Depths:4 | Reached XP level 23. HP: 163/172 MP: 37/37
 43439 | Depths:4 | Noticed a juggernaut
 43478 | Depths:4 | HP: 7/172 [juggernaut (14)]
 43485 | Depths:4 | Noticed a golden dragon
 43501 | Depths:4 | Killed from afar by a golden dragon

Vault maps used:
D:1:      kennysheep_arrival_forest, hex_large
D:2:      minmay_misc_feat_five, uniq_terence
D:3:      nicolae_overflow_hidden_temple
D:4:      minmay_wonky_spiral, bloody_makhleb, kennysheep_boxes
D:5:      minmay_temple_entry_junction, first_bread, serial_shops,
          nicolae_shop_temple_entry_statues_fountains
D:8:      tso_metal_star, david_nohive_1
D:9:      minmay_separated_statues, kennysheep_mini
D:11:     minmay_lair_entry_lava, lemuel_nasty_fountain
D:12:     minmay_the_grid_triangle_9x9_rhombus_thin_mashed, orc_0_dummy
D:13:     hex_intersection, hangedman_abyss_or_decor_passed,
          serial_bayou_lagoon_a, uniq_urug
D:14:     grunt_vaults_entry_fortified, lab_entry_generic, serial_shops,
          kennysheep_mini_moat
D:15:     grunt_enter_depths_snipers, hangedman_abyss_or_decor_stabs
Lair:1:   infiniplex_staircase_pool_2
Lair:2:   nicolae_spider_entry_orb_guardian, hibernation_bobbens,
          grunt_megastairs_3, serial_bayou_shore_a
Lair:3:   grunt_megastairs_2
Lair:4:   swamp_mist
Lair:5:   slime_dummy
Lair:6:   hangedman_lair_caniforms_friends, guppyfry_lair_end_dragon,
          kilobyte_rumbling_trees, uniq_kirke
Swamp:1:  nicolae_swamp_little_tower, swamp_pool4, uniq_nikola
Swamp:2:  evilmike_swamp_ruin_rubble_2
Swamp:3:  nicolae_swamp_fairy_circle, swamp_pool2, uniq_roxanne
Swamp:4:  swamp_alternative, swamp_pool4, hangedman_swamp_dais
Spider:1: uniq_azrael, uniq_agnes, uniq_aizul, uniq_louise
Spider:2: uniq_jorgrun
Spider:4: grunt_spider_rune_circles, spider_trap
Orc:1:    basic_altar, uniq_harold
Orc:2:    grunt_orc_tribal_feast
Elf:1:    eino_elf_arrival_shootout, serial_shops, nicolae_shop_trees,
          minivault_28, nicolae_twisting_strands, laboratory
Elf:2:    uniq_donald
Vaults:1: v_misc_24, v_misc_2, ontoclasm_vaults_pinch, dpeg_vaults_waves,
          hangedman_vaults_stretched_pinwheel, grunt_vaults_hallway_long,
          nicolae_vaults_little_squares_6
Vaults:2: ontoclasm_vaults_shout, v_rooms_2, v_rooms_5,
          nicolae_vaults_network_quincunx, hangedman_vaults_maws, v_pattern_1,
          ontoclasm_vaults_twist, vaults_standard_mumra_x,
          vaults_room_semicircle, nicolae_vaults_asterisk,
          nicolae_vaults_little_squares_2, vaults_room_pool, uniq_boris
Vaults:3: v_misc_10, vaults_room_boxed, vaults_room_door_hall,
          nicolae_vaults_network_quinsquares, st_greater_box_5,
          minmay_crypt_entry_necro_gods, ontoclasm_vaults_bender, v_misc_12,
          hangedman_vaults_variations, vaults_room_large_hall,
          vaults_dpeg_cross, vaults_dpeg_ring, serial_shops, bzr_entry_lakeside,
          shop_coins
Vaults:4: st_quartered_hall, v_alt_pattern_3, ontoclasm_vaults_ring_small,
          v_misc_17, nicolae_vaults_little_squares_4, vaults_dpeg_doors,
          ontoclasm_vaults_gateway, nicolae_vaults_little_ls,
          vaults_mumra_chevron, ontoclasm_vaults_loading_screen,
          grunt_vaults_funnel, serial_shops, nicolae_shop_behind_doors,
          uniq_saint_roka
Depths:1: serial_shops, nicolae_shop_stone, grunt_mini_vestibule, serial_bayou,
          serial_bayou_pond_d, serial_bayou_lagoon_b, serial_bayou_pond_c,
          serial_bayou_pond_d, abyss_entry_crystal, lemuel_freeze_loot_1
Depths:2: minmay_spriggan_fort, serial_shops, shop,
          hangedman_decor_clover_reticule, pf_dread_powers_of_hell, abyss_entry,
          fake_guardian_serpent_vault, infiniplex_staircase_x
Depths:3: kennysheep_blocky_hall, rand_demon_pan_entry_3,
          abyss_entry_flame_altar, hell_entry, infiniplex_staircase_spiral,
          uniq_boris
Depths:4: minmay_octo_star, enter_ziggurat_a, abyss_entry, hell_entry,
          rand_demon_pan_entry_1, guppyfry_shop_earth,
          infiniplex_staircase_door_maze
Lab:      labyrinth_spiral
Bazaar:   bazaar_minmay_generic_island

Skill      XL: |  1  2  3  4  5  6  7  8  9 10 11 12 13 14 15 16 17 18 19 20 21 22 23 |
---------------+----------------------------------------------------------------------+-----
Polearms       | 3 4 5 6 7 9 10 12 13 14 15 | 15.1
Fighting       | 4 5 6 7 8 9 10 11 12 13 14 16 18 | 18.4
Dodging        | 4 5 7 8 9 10 11 12 13 14 15 16 | 16.8
Shields        | 4 5 6 7 8 9 11 13 14 | 14.0
Invocations    | 4 6 7 8 10 11 13 14 15 | 15.1
Spellcasting   | 1 2 4 5 6 8 9 10 | 10.9
Hexes          | 1 4 |  4.7
Necromancy     | 1 |  1.3
Translocations | 1 4 |  4.1
Stealth        | 3 4 9 10 | 10.4
Evocations     | 2 3 5 6 7 8 |  8.4
Ice Magic      | 3 5 6 7 |  7.0
Charms         | 3 4 5 6 |  6.3
Conjurations   | 5 7 |  7.3
Transmutations | 5 |  5.6
Earth Magic    | 5 |  5.5

Action                   |  1- 3 |  4- 6 |  7- 9 | 10-12 | 13-15 | 16-18 | 19-21 | 22-24 || total
-------------------------+-------+-------+-------+-------+-------+-------+-------+-------++-------
Melee: Trident           |    59 |   111 |   151 |       |       |       |       |       ||   321
       Constrict         |    14 |    21 |    42 |    45 |   130 |   175 |   147 |    49 ||   623
       Tentacles         |     9 |    10 |    34 |    75 |   255 |   282 |   386 |   155 ||  1206
       Demon trident     |       |       |   123 |   521 |  1243 |  1372 |  1760 |   696 ||  5715
Throw: Stone             |     1 |     8 |    17 |     6 |     2 |       |       |       ||    34
       Tomahawk          |       |       |       |       |       |     7 |       |       ||     7
 Cast: Animate Skeleton  |       |       |       |    21 |    79 |    52 |    94 |    45 ||   291
       Ozocubu's Armour  |       |       |       |       |    13 |     4 |     9 |     3 ||    29
       Tukima's Dance    |       |       |       |       |    16 |       |       |       ||    16
       Confuse           |       |       |       |       |    10 |       |       |       ||    10
       Conjure Flame     |       |       |       |       |       |     2 |     2 |       ||     4
       Blink             |       |       |       |       |       |       |     2 |     1 ||     3
Invok: Minor Destruction |       |       |    18 |    37 |    14 |     5 |     4 |       ||    78
       Lesser Servant of |       |       |       |     2 |     8 |    15 |     7 |     2 ||    34
       Greater Servant o |       |       |       |       |       |       |     3 |       ||     3
       Major Destruction |       |       |       |       |       |       |     5 |       ||     5
Evoke: Wand              |       |     3 |     2 |     2 |     4 |     2 |       |     1 ||    14
       Lamp of fire      |       |       |       |       |       |     1 |     5 |     2 ||     8
       Phial of floods   |       |       |       |       |       |       |     1 |     1 ||     2
  Use: Scroll            |     7 |     7 |     7 |    11 |    16 |     6 |    13 |     4 ||    71
       Potion            |     1 |       |     2 |     2 |     2 |     7 |     4 |     6 ||    24
 Stab: Sleeping          |    11 |     2 |    17 |    17 |    34 |    34 |    28 |    14 ||   157
       Distracted        |       |       |     1 |     3 |     9 |    26 |    15 |    10 ||    64
       Invisible         |       |       |       |       |     3 |       |       |       ||     3
       Paralysed         |       |       |       |       |       |       |       |     9 ||     9
       Petrifying        |       |       |       |       |       |       |       |     2 ||     2
       Confused          |       |       |       |       |       |       |       |     1 ||     1
  Eat: Chunk             |       |     6 |     7 |    10 |    11 |     3 |     9 |     3 ||    49
       Fruit             |       |       |     4 |     3 |     3 |     4 |     2 |     3 ||    19
       Royal jelly       |       |       |     1 |     3 |     8 |    10 |     2 |     1 ||    25
       Bread ration      |       |       |       |       |     1 |       |       |       ||     1
       Meat ration       |       |       |       |       |       |       |     4 |     1 ||     5
Armor: Skin              |       |     3 |     5 |     9 |    28 |    42 |    22 |    22 ||   131
Dodge: Dodged            |    18 |    18 |    57 |   133 |   428 |   719 |   649 |   334 ||  2356
Block: Shield            |    14 |    26 |    62 |    88 |       |       |       |       ||   190
       Buckler           |       |       |       |    37 |   256 |   345 |   353 |   180 ||  1171
